[Event "79th Noteboom 2019"]
[Site "Leiden"]
[Date "2019.02.22"]
[Round "1.3"]
[White "Straver, Robert"]
[Black "Schoppen, Casper"]
[Result "0-1"]
[ECO "E90"]
[WhiteElo "2128"]
[BlackElo "2463"]
[Annotator "ChessBase"]
[PlyCount "68"]
[EventDate "2019.02.22"]
[EventType "swiss"]
[EventCountry "NED"]
[SourceTitle "playchess.com"]
[Source "ChessBase"]
[SourceQuality "1"]
[TimeControl "6600+10"]

1. d4 Nf6 2. Nf3 c5 3. d5 e6 4. c4 d6 5. Nc3 g6 6. e4 Bg7 7. Bd3 O-O 8. O-O exd5 9. exd5 Bg4 10. h3 Bxf3 11. Qxf3 Nfd7 12. Qd1 Bxc3 13. bxc3 Ne5 14. Re1 Nbd7 15. Bf1 f5 16. f4 Nf7 17. Rb1 b6 18. Rb2 Nf6 19. Bd3 Qd7 20. Rbe2 Rae8 21. Bd2 Rxe2 22. Rxe2 Re8 23. Qe1 Rxe2 24. Qxe2 a6 25. Be1 Nh5 26. Bd2 Qa4 27. g4 Ng3 28. Qe1 Qxa2 29. gxf5 Nxf5 30. Bxf5 gxf5 31. Qg3+ Kf8 32. Qd3 Qa1+ 33. Kg2 Qd1 34. Qe3 a5 0-1

[Event "79th Noteboom 2019"]
[Site "Leiden"]
[Date "2019.02.22"]
[Round "1.4"]
[White "Lahaye, Rick"]
[Black "Berresheim, Helmut"]
[Result "1-0"]
[ECO "A12"]
[WhiteElo "2411"]
[BlackElo "2096"]
[Annotator "NA"]
[PlyCount "79"]
[EventDate "2019.02.22"]
[EventType "swiss"]
[EventCountry "NED"]
[SourceTitle "playchess.com"]
[Source "ChessBase"]
[SourceQuality "1"]
[TimeControl "6600+10"]

1. Nf3 d5 2. c4 c6 3. b3 Bg4 4. Ne5 Bf5 5. Bb2 f6 6. Nf3 {[%emt 0:05:57] A12: English Opening: 1...c6 with b3 by White} e5 7. e3 Bd6 8. Nc3 Ne7 9. d3 O-O 10. Be2 a5 $146 ({Predecessor:} 10... Be6 11. O-O a6 12. Re1 {0-1 (62) Lie,E (2471)-Volkov,S (2593) Fagernes 2013}) 11. O-O Na6 12. e4 Be6 13. cxd5 cxd5 14. d4 exd4 15. Nxd4 Bf7 16. exd5 Nxd5 17. Nxd5 Bxd5 18. Nf5 Nc7 19. Rc1 Kh8 20. Bf3 Be5 21. Ba3 Re8 22. Re1 Bxf3 23. Qxf3 ({Much weaker is} 23. gxf3 Nb5 $15) 23... Qd5 {[%emt 0:00:13] [#]} 24. Qg4 $1 g6 25. Ne3 Qe6 26. Qf3 Nb5 27. Bc5 b6 28. a4 bxc5 29. axb5 Qxb3 30. Rxc5 Bd4 31. Rc7 f5 32. Rd1 $15 (32. Qc6 $14 Qe6 33. Rd7) 32... Bxe3 33. fxe3 Qxe3+ 34. Qxe3 Rxe3 35. b6 Ree8 36. b7 Rab8 37. Ra1 Re5 38. Rc8+ Re8 39. Rxe8+ Rxe8 40. Rxa5 1-0

[Event "79th Noteboom 2019"]
[Site "Leiden"]
[Date "2019.02.23"]
[Round "3.1"]
[White "Bekker, Stefan"]
[Black "Van Wely, Loek"]
[Result "0-1"]
[ECO "A07"]
[WhiteElo "2257"]
[BlackElo "2622"]
[Annotator "RC"]
[PlyCount "66"]
[EventDate "2019.02.22"]
[EventType "swiss"]
[EventCountry "NED"]
[SourceTitle "playchess.com"]
[Source "ChessBase"]
[SourceQuality "1"]
[TimeControl "6600+10"]

1. Nf3 Nf6 2. g3 d5 3. Bg2 c6 4. O-O h6 5. d3 Bf5 6. Nbd2 e6 7. b3 Be7 8. Bb2 O-O 9. Ne5 a5 10. a3 Bh7 11. e4 Nbd7 12. Nxd7 Nxd7 13. Qe2 Rc8 14. Kh1 a4 15. b4 b5 16. c4 c5 17. d4 cxb4 18. c5 bxa3 19. Bxa3 dxe4 20. Nxe4 Bxe4 21. Bxe4 Nf6 22. Bb7 b4 23. Bxc8 Qxc8 24. Bc1 Qc6+ 25. Kg1 Rb8 26. Qc4 Nd5 27. Bd2 Bg5 28. f4 Bf6 29. Rfb1 Rd8 30. Qd3 b3 31. Rd1 Ne7 32. Bc3 Nf5 33. Qc4 Ne3 0-1

[Event "79th Noteboom 2019"]
[Site "Leiden"]
[Date "2019.02.23"]
[Round "3.2"]
[White "Nikolic, Predrag"]
[Black "Van Dijk, Harold"]
[Result "1-0"]
[ECO "E60"]
[WhiteElo "2573"]
[BlackElo "2238"]
[Annotator "ChessBase"]
[PlyCount "61"]
[EventDate "2019.02.22"]
[EventType "swiss"]
[EventCountry "NED"]
[SourceTitle "playchess.com"]
[Source "ChessBase"]
[SourceQuality "1"]
[TimeControl "6600+10"]

1. Nf3 Nf6 2. g3 g6 3. Bg2 Bg7 4. O-O O-O 5. d4 c5 6. d5 d6 7. c4 b5 8. cxb5 a6 9. bxa6 Nxa6 10. Nc3 Bf5 11. Ne1 Rb8 12. Nc2 Ng4 13. h3 Ne5 14. Ne3 Bc8 15. Rb1 Nf3+ 16. Bxf3 Bxc3 17. h4 Bd4 18. a3 Bxe3 19. fxe3 Rb7 20. Bd2 Nb8 21. b4 cxb4 22. axb4 Qb6 23. Rc1 Bd7 24. Qc2 Bb5 25. Qe4 Qd8 26. h5 Kg7 27. Kg2 g5 28. Qf5 f6 29. h6+ Kh8 30. Be4 e6 31. dxe6 1-0

[Event "79th Noteboom 2019"]
[Site "Leiden"]
[Date "2019.02.23"]
[Round "3.3"]
[White "Van Vliet, Jeffrey"]
[Black "Clemens, Adrian"]
[Result "1-0"]
[ECO "B50"]
[WhiteElo "2379"]
[BlackElo "2126"]
[Annotator "NA"]
[PlyCount "109"]
[EventDate "2019.02.22"]
[EventType "swiss"]
[EventCountry "NED"]
[SourceTitle "playchess.com"]
[Source "ChessBase"]
[SourceQuality "1"]
[TimeControl "6600+10"]

1. e4 c5 2. Nf3 d6 3. c3 Nf6 4. Be2 g6 5. O-O Bg7 6. Re1 O-O 7. Bf1 Nc6 8. d3 b6 9. Nbd2 Bb7 10. d4 cxd4 11. cxd4 e6 12. b3 d5 13. e5 Nd7 14. Ba3 Re8 15. Rc1 Rc8 16. Bd3 Ndb8 17. Qe2 Qd7 18. Bd6 Bf8 19. Bxf8 Rxf8 20. a3 Ne7 21. Nf1 Kg7 22. Ne3 Ng8 23. h4 Qe7 24. b4 Rxc1 25. Rxc1 Rc8 26. Qd2 Qd8 27. Ng4 Nd7 28. Rxc8 Bxc8 29. Qf4 Qe7 30. Bb5 Nf8 31. h5 gxh5 32. Nf6 Ng6 33. Qc1 Bb7 34. Nxh5+ Kh8 35. g3 Qd8 36. Bd3 h6 37. Bxg6 fxg6 38. Nf4 Qe8 39. Qc7 g5 40. Nxe6 Qxe6 41. Qxb7 Ne7 42. Qxa7 Nf5 43. Qb8+ Kh7 44. Qc7+ Kg8 45. Qc3 g4 46. Nh4 Ne7 47. Ng2 Qf5 48. Ne3 Qb1+ 49. Kg2 Qe4+ 50. Kg1 Qb1+ 51. Kh2 Qa2 52. Nxg4 h5 53. Nf6+ Kf7 54. Qf3 Ke6 55. Nxh5 1-0

[Event "79th Noteboom 2019"]
[Site "Leiden"]
[Date "2019.02.23"]
[Round "3.4"]
[White "Lahaye, Rick"]
[Black "Elgersma, Simon"]
[Result "1-0"]
[ECO "D05"]
[WhiteElo "2411"]
[BlackElo "2148"]
[Annotator "NA"]
[PlyCount "155"]
[EventDate "2019.02.22"]
[EventType "swiss"]
[EventCountry "NED"]
[SourceTitle "playchess.com"]
[Source "ChessBase"]
[SourceQuality "1"]
[TimeControl "6600+10"]

1. d4 e6 2. e3 Nf6 3. Bd3 d5 4. Nd2 c5 5. c3 Nbd7 6. Ngf3 Bd6 7. O-O O-O 8. Re1 e5 9. e4 cxd4 10. cxd4 Re8 11. exd5 exd4 12. Ne4 Ne5 13. Bg5 Bg4 14. Bxf6 gxf6 15. Be2 f5 16. Nxd6 Qxd6 17. Qxd4 Bxf3 18. Bxf3 Re7 19. Re3 Rae8 20. Rae1 f6 21. Kh1 Rd8 22. Bd1 Kh8 23. h3 Nc6 24. Qh4 Ne5 25. Bb3 Ng6 26. Qd4 Re5 27. Qxa7 Qb4 28. Rxe5 fxe5 29. Qe3 f4 30. Qe2 Re8 31. Qe4 Qd2 32. Re2 Qc1+ 33. Kh2 Qc7 34. f3 Qe7 35. d6 Qxd6 36. Bf7 Re7 37. Bxg6 hxg6 38. Rc2 Kg7 39. Rc8 Qe6 40. Ra8 Rd7 41. Qb4 Qf6 42. Rb8 Qf7 43. Qc5 Re7 44. Qc8 Kh6 45. Qh8+ Qh7 46. Qf6 Rf7 47. Qxe5 Rf5 48. Qh8 Qxh8 49. Rxh8+ Kg7 50. Rd8 Rb5 51. b3 Kf6 52. Rd4 Ke5 53. Rc4 Rd5 54. Rb4 b5 55. h4 Kf5 56. Kh3 Rc5 57. g3 fxg3 58. Kxg3 Kf6 59. Kg4 Rd5 60. Rf4+ Ke6 61. a4 Rd3 62. Rb4 bxa4 63. bxa4 Ra3 64. Rb6+ Kf7 65. Ra6 Ra1 66. Ra7+ Kf6 67. a5 Ra4+ 68. f4 Ra1 69. Ra6+ Kg7 70. Ra8 Kh7 71. a6 Kg7 72. a7 Ra3 73. h5 gxh5+ 74. Kxh5 Ra5+ 75. Kg4 Kh7 76. f5 Kg7 77. f6+ Kh7 78. f7 1-0

[Event "79th Noteboom 2019"]
[Site "Leiden"]
[Date "2019.02.23"]
[Round "4.3"]
[White "Wiersma, Eelke"]
[Black "Slingerland, Fred"]
[Result "1/2-1/2"]
[ECO "B52"]
[WhiteElo "2338"]
[BlackElo "2355"]
[Annotator "NA"]
[PlyCount "27"]
[EventDate "2019.02.22"]
[EventType "swiss"]
[EventCountry "NED"]
[SourceTitle "playchess.com"]
[Source "ChessBase"]
[SourceQuality "1"]
[TimeControl "6600+10"]

1. e4 c5 2. Nf3 d6 3. Bb5+ Bd7 4. Bxd7+ Qxd7 5. O-O Nc6 6. Qe2 g6 7. c3 Bg7 8. Rd1 e5 9. b4 cxb4 10. cxb4 Nxb4 11. d4 exd4 12. Nxd4 Ne7 13. Bb2 O-O 14. Na3 1/2-1/2